 Dungeon Crawl Stone Soup version 0.30-a0-989-g0d87f670db (webtiles) character file.

Game seed: 10540846960901030457

210 mopl the Cudgeller (level 5, -3/55 HPs)
             Began as an Ogre Gladiator on Apr 3, 2023.
             Slain by an orc
             ... wielding a +0 falchion
              (6 damage)
             ... on level 3 of the Dungeon.
             The game lasted 00:02:15 (2265 turns).

mopl the Cudgeller (Ogre Gladiator)                 Turns: 2265, Time: 00:02:16

Health: -3/55      AC:  3    Str: 18    XL:     5   Next: 88%
Magic:  5/5        EV: 11    Int:  9    God:
Gold:   173        SH:  0    Dex: 18    Spells: 4/4 levels left

rFire   . . .      SeeInvis .    a - +0 flail
rCold   + . .      Faith    +    (no shield)
rNeg    . . .      Spirit   .    b - +0 robe
rPois   .          Reflect  .    c - +0 hat
rElec   .          Rampage  .    (no cloak)
rCorr   .                        (gloves unavailable)
Will    .....                    (boots unavailable)
Stlth   ++                       r - amulet of faith {!P}
HPRegen 0.29/turn                l - +6 ring of dexterity
MPRegen 0.09/turn                n - ring of protection from cold

@: no status effects
A: large, unfitting armour, tough skin 1
a: no special abilities


You were on level 3 of the Dungeon.
You visited 1 branch of the dungeon, and saw 3 of its levels.

You collected 173 gold pieces.

Inventory:

Hand Weapons
 a - a +0 flail (weapon)
Missiles
 d - 3 throwing nets (quivered)
 e - a large rock
 i - 6 silver javelins
 t - 2 boomerangs
 w - 6 poisoned darts
Armour
 b - a +0 robe (worn)
 c - a +0 hat (worn)
Jewellery
 l - a +6 ring of dexterity (left hand)
 n - a ring of protection from cold (right hand)
 r - an amulet of faith (around neck) {!P}
 x - a ring of fire
Scrolls
 h - 7 scrolls of identify {unknown}
 k - a scroll of magic mapping {unknown}
 o - a scroll of teleportation {unknown}
 p - a scroll of fear {unknown}
 u - a scroll of enchant weapon {unknown}
 v - a scroll of torment {unknown}
 y - 2 scrolls of fog {unknown}
Potions
 f - 2 potions of brilliance {unknown}
 g - 2 potions of haste {unknown}
 j - 2 potions of lignification {unknown}
 m - a potion of resistance {unknown}
 q - a potion of curing {unknown}
 s - a potion of might {unknown}
 z - a potion of heal wounds {unknown}


   Skills:
 - Level 4.4 Fighting
 * Level 5.2 Maces & Flails
 - Level 2.0 Throwing
 - Level 2.6 Dodging


You had 4 spell levels left.
You didn't know any spells.
Your spell library contained the following spells:

 Spells                   Type           Power      Damage    Failure   Level
 Slow                     Hex            0%         N/A       38%         1
 Static Discharge         Conj/Air       0%         2-2/arc   52%         2
 Confusing Touch          Hex            0%         N/A       77%         3
 Vampiric Draining        Necr           0%         2d6       77%         3
 Vhi's Electric Charge    Tloc/Air       0%         N/A       77%         3
 Arcjolt                  Conj/Air       0%         1d10      100%        5
 Plasma Beam              Fire/Air       0%         2x1d7     100%        5


Dungeon Overview and Level Annotations

Branches:
Dungeon (3/15)

Altars:
Ru

Shops:
D:1 [


Innate Abilities, Weirdness & Mutations

You are too large for most types of armour.
You have tough skin. (AC +1)


Message History

You hit the iguana.
The iguana is almost dead.
The iguana closely misses you.
You hit the iguana.
The iguana is almost dead.
The iguana barely misses you.
You barely miss the iguana.
The iguana is almost dead.
The iguana bites you.
* * * LOW HITPOINT WARNING * * *
You barely miss the iguana.
The iguana is almost dead.
The iguana bites you.
* * * LOW HITPOINT WARNING * * *
The rat twitches its whiskers.
You hit the iguana.
You kill the iguana!
The rat bites you.
* * * LOW HITPOINT WARNING * * *
You closely miss the rat. The rat misses you.
You barely miss the rat. The rat bites you.
* * * LOW HITPOINT WARNING * * *
You completely miss the rat. The rat closely misses you.
You closely miss the rat. The rat bites you but does no damage.
You hit the rat.
You kill the rat!
An orc comes into view. It is wielding a +0 short sword.
The orc shouts!
An orc comes into view. It is wielding a +0 club.
You open the door.
The orc shouts!
You hear a shout!
An orc comes into view. It is wielding a +0 flail.
An orc comes into view. It is wielding a +0 club.
The orc shouts! x2
The orc hits you with a +0 falchion.
* * * LOW HITPOINT WARNING * * *
There is an open door here.
The orc attacks as you move away! The orc closely misses you.
The orc attacks as you move away! The orc hits you with a +0 falchion.
You die...

####.#.........#...
.....#.........#.#######
######..................
..................#
.....#..########.#####
####.#..# #.....# #.#..#
#.###.# #.#..# #.# #.#
## #.#..# #@# #.###
.###....# #o# #...#
.......##
######'###.#.##..
.###...#
........w.†....^..#
.......#
.........###.###..#
..#.#### .........# ...
.# ....# .o..o....# ...#
# #.#># ..o....... .....
#.#.# ...o.....# ...#..


You could see a worm and an orc.

Vanquished Creatures
  A hound (D:2)
  An iguana (D:3)
  9 adders
  3 worms
  2 dart slugs
  5 orcs (D:3)
  4 bats
  5 endoplasms
  4 giant cockroaches
  4 goblins
  5 hobgoblins
  3 kobolds
  A quokka (D:3)
  5 ball pythons
  6 frilled lizards
  7 rats
65 creatures vanquished.

Vanquished Creatures (others)
  2 plants (D:3)
2 creatures vanquished.

Grand Total: 67 creatures vanquished

Notes
Turn   | Place    | Note
-------+----------+-------------------------------------------
     0 | D:1      | mopl the Ogre Gladiator began the quest for the Orb.
     0 | D:1      | Reached XP level 1. HP: 22/22 MP: 1/1
   163 | D:1      | Found Ohets's Armour Shop.
   239 | D:1      | Reached skill level 3 in Fighting
   254 | D:1      | Reached skill level 3 in Maces & Flails
   254 | D:1      | Reached XP level 2. HP: 31/31 MP: 2/2
   984 | D:2      | Reached XP level 3. HP: 34/39 MP: 3/3
  1030 | D:2      | Reached XP level 4. HP: 32/48 MP: 4/4
  1032 | D:2      | Found a faded altar of an unknown god.
  1093 | D:2      | Reached skill level 4 in Fighting
  1099 | D:2      | Reached skill level 4 in Maces & Flails
  1444 | D:2      | Reached XP level 5. HP: 41/55 MP: 5/5
  2081 | D:3      | Found a sacrificial altar of Ru.
  2118 | D:3      | Reached skill level 5 in Maces & Flails
  2265 | D:3      | Slain by an orc

Illustrated notes

Levels and vault maps discovered:
D:1:      minmay_arrival_checkered_box, layout_loops_corners, serial_aquarium,
          aquarium_bridge_straight [aquarium_subvault_bridge,
          aquarium_subvault_balcony, aquarium_subvault_bridge,
          aquarium_subvault_wall], aquarium_window_1, aquarium_window_1,
          aquarium_window_corner, aquarium_view_2d, aquarium_view_2g,
          aquarium_pool_1, serial_shops,
          nicolae_shop_temple_entry_statues_fountains, hex_large
D:2:      layout_basic, basic_ecumenical_altar, grunt_ministairs_2,
          minmay_pentomino_v4
D:3:      layout_basic, mainiacjoe_overflow_swirl, serial_bayou_pond_c,
          st_stairs_3

Skill      XL: |  1  2  3  4  5 |
---------------+----------------+-----
Fighting       | 3 4 |  4.4
Maces & Flails | 3 4 5 |  5.2
Throwing       | |  2.0
Dodging        | |  2.6

Action                     |  1- 3 |  4- 6 || total
---------------------------+-------+-------++-------
  Melee: Flail             |    64 |   164 ||   228
         Punch             |       |     1 ||     1
   Stab: Sleeping          |     3 |     2 ||     5
 Armour: Robe              |    33 |    54 ||    87
  Dodge: Dodged            |    42 |   120 ||   162

Table legend: (Time is in decaauts)
 A = Elapsed time spent in this place.
 B = Non-inter-level travel time spent in this place.
 C = Inter-level travel time spent in this place.
 D = Time resting spent in this place.
 E = Time spent auto-exploring this place.
 F = Levels seen in this place.
 G = Mean time per level.
                   A        B        C        D        E       F      G
               +--------+--------+--------+--------+--------+-----+--------+
         Total |   2307 |   2273 |     34 |    136 |   1615 |   3 |  769.0 |
       Dungeon |   2307 |   2273 |     34 |    136 |   1615 |   3 |  769.0 |
               +--------+--------+--------+--------+--------+-----+--------+

Top non-repeatable levels by time:
     D:1: 925 daAuts
     D:2: 870 daAuts
     D:3: 511 daAuts
